 Dungeon Crawl Stone Soup version 0.32-a0-891-gc41d80381e (webtiles) character file.

Game seed: 10792177462557450105

237 P0WERM0DE the Chopper (level 6, -7/51 HPs)
             Began as a Coglin Chaos Knight on Apr 3, 2024.
             Was a Plaything of Xom.
             Mangled by Grinder the sixfirhy (11 damage)
             ... on level 3 of the Dungeon.
             The game lasted 00:01:10 (1289 turns).

P0WERM0DE the Chopper (Coglin Chaos Knight)         Turns: 1289, Time: 00:01:11

Health: -7/51      AC:  5    Str: 13    XL:     6   Next: 6%
Magic:  6/6        EV: 10    Int: 13    God:    Xom [....*.]
Gold:   91         SH:  0    Dex: 13    Spells: 5/5 levels left

rFire   . . .        a - +0 hand axe (chaos) {Dalbir}
rCold   . . .        d - +0 dagger {Iseul}
rNeg    . . .        b - +2 leather armour
rPois   .            (no helmet)
rElec   .            (no cloak)
rCorr   .            (no gloves)
SInv    .            (no boots)
Will    .....        (amulet unavailable)
Stlth   +            (ring unavailable)
HPRegen 0.28/turn    (ring unavailable)
MPRegen 0.10/turn    (no gizmo)

%: no passive effects
@: attractive, revving
A: off-hand wielding, slow wielding, warmup strikes, no jewellery
a: Invent Gizmo, Renounce Religion


You were on level 3 of the Dungeon.
You worshipped Xom.
You were a beloved toy of Xom.
You visited 1 branch of the dungeon, and saw 3 of its levels.

You collected 91 gold pieces.

Inventory:

Hand Weapons
 a - a +0 hand axe of chaos (weapon) {Dalbir}
 d - a +0 dagger (offhand) {Iseul}
Armour
 b - a +2 leather armour (worn)
Scrolls
 c - a scroll of butterflies
 f - a scroll of immolation
 g - a scroll of identify {unknown}
 t - a scroll of teleportation
Potions
 e - a potion of attraction


   Skills:
 * Level 5.1 Fighting
 * Level 5.1 Axes
 - Level 1.7 Armour
 - Level 0.8 Dodging


You had 5 spell levels left.
You didn't know any spells.
Your spell library was empty.

Dungeon Overview and Level Annotations

Branches:
Dungeon (3/15)

Altars:
Xom

Annotations:
D:3 Grinder


Innate Abilities, Weirdness & Mutations

You can wield a second weapon in your off-hand.
It takes a long time for you to wield or remove held weapons.
Your first few attacks do less damage.
You cannot equip rings or amulets.


Message History

Grinder says, "Are you a fish?" Grinder hits you.
You writhe in agony.
You hit Grinder with your +0 hand axe of chaos.
Grinder is lightly wounded.
You hit Grinder with your +0 dagger.
Grinder grins, showing sharp teeth.
Grinder gestures at you. Pain shoots through your body!
You are too injured to fight recklessly!
You are too injured to fight recklessly!
You are too injured to fight recklessly!
You are too injured to fight recklessly!
You are too injured to fight recklessly!
You are too injured to fight recklessly!
You are too injured to fight recklessly!
You are too injured to fight recklessly!
You are too injured to fight recklessly!
You are too injured to fight recklessly!
You are too injured to fight recklessly!
You hit Grinder but do no damage.
Grinder is lightly wounded.
You hit Grinder but do no damage.
Grinder is moving more slowly.
Grinder hits you.
You writhe in agony.
Grinder blinks!
You hear Xom's avuncular chuckle.
Grinder evaporates and reforms as a sixfirhy!
Grinder completely misses you.
You see here a metallic brown potion.
e - 2 metallic brown potions (gained 1) Grinder closely misses you.
It was a potion of attraction.
You feel attractive to monsters.
It was a potion of heal wounds.
You feel much better. Grinder closely misses you. Grinder hits you!
Grinder shocks you!
You aren't carrying any items that you can evoke.
You miss Grinder with your +0 hand axe of chaos.
You miss Grinder with your +0 dagger. Grinder hits you!
* * * LOW HITPOINT WARNING * * *
Grinder shocks you!
You die...
Xom is highly amused!

#.# #.#
######.# #.# .#
#.# #......#
#.# .# #.#
#.###### #.# #.
##.######## #.
#.....[.... #.
#..######## #
#.#####..#
#.$.##.!..##..#
.._....3@.....#
.............##
.###.###"#####
.. #.# ## #.#
#.# #.# #.#


You could see Grinder the sixfirhy.

Vanquished Creatures
  Sigmund (D:3)
  A hound (D:3)
  2 adders
  3 ball pythons
  6 endoplasms
  3 giant cockroaches (D:1)
  5 goblins
  4 hobgoblins
  2 kobolds (D:1)
  3 bats
  4 frilled lizards (D:1)
  5 rats
39 creatures vanquished.

Notes
Turn   | Place    | Note
-------+----------+-------------------------------------------
     0 | D:1      | P0WERM0DE the Coglin Chaos Knight began the quest for the
                  | Orb.
     0 | D:1      | Reached XP level 1. HP: 18/18 MP: 1/1
    61 | D:1      | Reached XP level 2. HP: 24/24 MP: 2/2
   281 | D:1      | XOM: silly message
   364 | D:1      | Reached XP level 3. HP: 29/29 MP: 3/3
   705 | D:2      | Found a faded altar of an unknown god.
   758 | D:2      | XOM: 3-stop teleportation journey
   789 | D:3      | Noticed Sigmund
   799 | D:3      | HP: 1/67 [hound (3)]
   801 | D:3      | Killed Sigmund
   802 | D:3      | Reached XP level 4. HP: 2/38 MP: 4/4
   802 | D:3      | Reached XP level 5. HP: 2/43 MP: 5/5
   803 | D:3      | Reached skill level 5 in Fighting
   803 | D:3      | Reached skill level 5 in Axes
  1059 | D:3      | Reached XP level 6. HP: 51/51 MP: 6/6
  1162 | D:3      | XOM: 1-stop teleportation journey
  1238 | D:3      | XOM: 3-stop teleportation journey
  1275 | D:3      | Noticed Grinder
  1277 | D:3      | Paralysed by Grinder for 2 turns
  1279 | D:3      | XOM: scenery: create altars
  1285 | D:3      | Grinder changed into Grinder the sixfirhy
  1285 | D:3      | Noticed Grinder
  1285 | D:3      | XOM: polymorph Grinder -> Grinder the sixfirhy
  1289 | D:3      | Mangled by Grinder the sixfirhy

Illustrated notes

Levels and vault maps discovered:
D:1:      lightli_molten_gateway, layout_rooms
D:2:      layout_basic, basic_altar, shapermc_ecumenical_altar_mp_urbaneastern
D:3:      layout_loops_ring, hangedman_glass_teeth, uniq_grinder, uniq_sigmund

Skill      XL: |  1  2  3  4  5 |
---------------+----------------+-----
Fighting       | 4 5 |  5.1
Axes           | 4 5 |  5.1
Armour         | |  1.7
Dodging        | |  0.8

Action                     |  1- 3 |  4- 6 || total
---------------------------+-------+-------++-------
  Melee: Hand axe          |    54 |    24 ||    78
         Dagger            |    43 |    21 ||    64
    Use: Scroll            |     5 |       ||     5
         Potion            |     2 |     4 ||     6
   Stab: Paralysed         |       |     1 ||     1
 Armour: Leather armour    |    36 |    20 ||    56
         Skin              |     6 |       ||     6
  Dodge: Dodged            |    27 |     9 ||    36

Table legend: (Time is in decaauts)
 A = Elapsed time spent in this place.
 B = Non-inter-level travel time spent in this place.
 C = Inter-level travel time spent in this place.
 D = Time resting spent in this place.
 E = Time spent auto-exploring this place.
 F = Levels seen in this place.
 G = Mean time per level.
                   A        B        C        D        E       F      G
               +--------+--------+--------+--------+--------+-----+--------+
         Total |   1301 |   1247 |     54 |     66 |    937 |   3 |  433.7 |
       Dungeon |   1301 |   1247 |     54 |     66 |    937 |   3 |  433.7 |
               +--------+--------+--------+--------+--------+-----+--------+

Top non-repeatable levels by time:
     D:1: 559 daAuts
     D:3: 520 daAuts
     D:2: 221 daAuts
